 Dungeon Crawl Stone Soup version 0.28.0-47-ge53b351184 (webtiles) character file.

Game seed: 15125024243096135925

287 Zeld the Insei (level 6, -5/39 HPs)
             Began as an Octopode Transmuter on Apr 29, 2022.
             Slain by a kobold brigand
             ... wielding a +0 club
              (10 damage)
             ... on level 4 of the Dungeon.
             The game lasted 00:04:05 (4111 turns).

Zeld the Insei (Octopode Transmuter)                Turns: 4111, Time: 00:04:06

Health: -5/39      AC:  1    Str: 12    XL:     6   Next: 30%
Magic:  9/10       EV: 13    Int: 15    God:
Gold:   101        SH:  0    Dex: 12    Spells: 5/11 levels left

rFire   . . .      SeeInvis .     - Unarmed
rCold   . . .      Faith    .   (no shield)
rNeg    . . .      Spirit   .   (helmet currently unavailable)
rPois   .          Reflect  .   (no amulet)
rElec   .          Harm     .   (no ring)
rCorr   .          Rampage  .   (no ring)
Will    .....                   (no ring)
Stlth   +++.......              (no ring)
HPRegen 0.13/turn               (no ring)
MPRegen 0.12/turn               (no ring)
                                (no ring)
                                (no ring)

@: appendages (expiring)
A: tentacle spike 3, almost no armour, amphibious, 8 rings, camouflage 1,
gelatinous body 1, (nimble swimmer 1), tentacles
a: End Transformation


You were on level 4 of the Dungeon.
One of your tentacles had grown a beastly spike.
You visited 1 branch of the dungeon, and saw 4 of its levels.

You collected 101 gold pieces.

Inventory:

Scrolls
 c - 3 scrolls of identify
 d - 3 scrolls of teleportation {unknown}
 f - 2 scrolls of fear
 g - a scroll of brand weapon {unknown}
Potions
 a - a potion of ambrosia {unknown}
 b - a potion of berserk rage {unknown}
 e - a potion of attraction {unknown}
 h - a potion of curing {unknown}


   Skills:
 + Level 2.0 Fighting
 + Level 2.9 Dodging
 + Level 2.6 Stealth
 + Level 3.5 Unarmed Combat
 * Level 3.2 Spellcasting
 * Level 3.4 Transmutations
 + Level 1.9 Poison Magic


You had 5 spell levels left.
You knew the following spells:

 Your Spells              Type           Power      Damage    Failure   Level
a - Beastly Appendage     Tmut           24%        N/A       4%          1
b - Wereblood             Tmut           12%        N/A       7%          2
c - Spider Form           Tmut/Pois      10%        N/A       19%         3

Your spell library contained the following spells:

 Spells                   Type           Power      Damage    Failure   Level
 Ice Form                 Ice/Tmut       7%         N/A       67%         4


Dungeon Overview and Level Annotations

Branches:
Dungeon (4/15)
 Temple: D:4-7

Altars:
Elyvilon

Shops:
D:1 =


Innate Abilities, Weirdness & Mutations

One of your tentacles has grown a beastly spike.
You cannot wear most types of armour.
You are amphibious.
You can wear up to eight rings at the same time.
Your skin changes colour to match your surroundings (Stealth+).
Your rubbery body absorbs attacks. (AC +1, EV +1)
((You are camouflaged when in or above water. (Stealth+)))
You have tentacles for arms and can constrict up to eight enemies at once.


Message History

A kobold comes into view. It is wielding a +0 dagger.
The kobold hits you with a +0 club.
You see here a +0 club.
Your tentacle spike disappears.
Casting: Beastly Appendage (safe; 4% risk of failure)
Confirm with . or Enter, or press ? or * to list all spells.
One of your tentacles grows a vicious spike.
The hobgoblin hits you but does no damage.
You tentacle-slap the hobgoblin but do no damage.
You grab the hobgoblin. You constrict the hobgoblin.
The hobgoblin closely misses you.
You tentacle-slap the hobgoblin.
The hobgoblin is heavily wounded.
You constrict the hobgoblin, but do no damage.
The hobgoblin hits you with a +0 club!
You tentacle-slap the hobgoblin.
You kill the hobgoblin!
You barely miss the kobold brigand. You grab the kobold brigand.
Your tentacle spike misses the kobold brigand.
You tentacle-slap the kobold brigand, but do no damage.
You constrict the kobold brigand.
The kobold brigand hits you with a +0 club!
You are too injured to fight recklessly!
You barely miss the kobold brigand.
You pierce the kobold brigand.
The kobold brigand is lightly wounded.
You constrict the kobold brigand.
The kobold brigand hits you with a +0 club.
You tentacle-slap the kobold brigand.
The kobold brigand is heavily wounded.
Your transformation is almost over.
You constrict the kobold brigand.
The kobold brigand hits you with a +0 club!
* * * LOW HITPOINT WARNING * * *
You are too injured to fight recklessly!
You are too injured to fight recklessly!
You tentacle-slap the kobold brigand. You squeeze the kobold brigand.
The kobold brigand is severely wounded.
You constrict the kobold brigand.
The kobold brigand hits you with a +0 club!
You die...

#######
############..)K.##
#.@KKK.....).......
#.####.....)#####..
#. #.######≈≈≈#
##.####...# ≈≈≈≈≈≈
#.......#.# ≈≈≈≈≈≈≈≈
#..##.#...####≈≈≈###
#..##.#..## ...##
#..#..#..# ....
#........####


You could see a kobold brigand and 2 kobolds.

Vanquished Creatures
  An ogre (D:4)
  Blork the orc (D:4)
  4 gnolls (D:3)
  2 adders (D:2)
  A worm (D:2)
  5 orcs (D:3)
  6 endoplasms
  2 giant cockroaches
  3 goblins
  7 hobgoblins
  4 jackals (D:1)
  4 quokkas
  6 ball pythons
  7 bats
  2 frilled lizards (D:2)
  10 kobolds
  4 rats
69 creatures vanquished.

Vanquished Creatures (others)
  A plant (D:1)
1 creature vanquished.

Grand Total: 70 creatures vanquished

Notes
Turn   | Place    | Note
-------+----------+-------------------------------------------
     0 | D:1      | Zeld the Octopode Transmuter began the quest for the Orb.
     0 | D:1      | Reached XP level 1. HP: 13/13 MP: 3/3
   103 | D:1      | Found Enug's Jewellery Shop.
   214 | D:1      | Reached XP level 2. HP: 10/18 MP: 3/5
   622 | D:1      | Reached skill level 1 in Stealth
   715 | D:1      | Learned a level 2 spell: Wereblood
   821 | D:1      | Reached XP level 3. HP: 22/23 MP: 4/6
   825 | D:1      | Learned a level 3 spell: Spider Form
  1397 | D:2      | Found a white marble altar of Elyvilon.
  1471 | D:2      | Reached XP level 4. HP: 28/28 MP: 7/7
  2299 | D:3      | Reached skill level 1 in Poison Magic
  2325 | D:4      | Noticed Blork the orc
  2555 | D:3      | Reached XP level 5. HP: 25/33 MP: 7/9
  2721 | D:3      | Found a faded altar of an unknown god.
  3049 | D:3      | Noticed an ice beast
  3410 | D:3      | Noticed a fire bat
  3410 | D:3      | an ice beast changed into a fire bat
  3411 | D:3      | Noticed a wyvern
  3411 | D:3      | a fire bat changed into a wyvern
  3413 | D:3      | Noticed an acid dragon
  3413 | D:3      | a wyvern changed into an acid dragon
  3848 | D:4      | Killed Blork the orc
  4017 | D:4      | Noticed an ogre
  4024 | D:4      | Killed an ogre
  4025 | D:4      | Reached XP level 6. HP: 39/39 MP: 6/10
  4111 | D:4      | Slain by a kobold brigand

Illustrated notes

Levels and vault maps discovered:
D:1:      wander_arrival_peaceful_grave, layout_rooms, serial_shops, shop,
          serial_bayou_pond_d
D:2:      layout_loops_cross, basic_altar
D:3:      layout_basic, basic_ecumenical_altar
D:4:      cheibrodos_thug_alley, layout_loops_corners, uniq_blork_the_orc

Skill      XL: |  1  2  3  4  5 |
---------------+----------------+-----
Stealth        | 1 2 |  2.6
Poison Magic   | 1 |  1.9
Transmutations | 3 |  3.4
Spellcasting   | 3 |  3.2
Fighting       | 2 |  2.0
Dodging        | |  2.9
Unarmed Combat | |  3.5

Action                   |  1- 3 |  4- 6 || total
-------------------------+-------+-------++-------
Melee: Unarmed           |    78 |    60 ||   138
       Constrict         |    20 |    19 ||    39
       Tentacles         |    11 |     9 ||    20
       Kick              |    15 |    14 ||    29
       Punch             |     1 |     2 ||     3
 Cast: Beastly Appendage |    25 |    16 ||    41
       Spider Form       |       |     2 ||     2
Evoke: Wand              |       |     9 ||     9
  Use: Scroll            |       |     2 ||     2
 Stab: Sleeping          |     7 |     8 ||    15
Armor: Skin              |     9 |     3 ||    12
Dodge: Dodged            |    66 |    35 ||   101
